[Event "ICC tourney 2128 (3 2)"]
[Site "Internet Chess Club"]
[Date "2020.11.13"]
[Round "3"]
[White "Kinawa"]
[Black "yogokings12"]
[Result "0-1"]
[ICCResult "White forfeits on time"]
[WhiteElo "1424"]
[BlackElo "1537"]
[Opening "Sicilian: dragon, Yugoslav attack, 10.O-O-O"]
[ECO "B78"]
[NIC "SI.18"]
[Time "20:23:11"]
[TimeControl "180+2"]

1. e4 c5 2. Nf3 d6 3. d4 cxd4 4. Nxd4 Nf6 5. Nc3 g6 6. Be3 Bg7 7. f3 O-O 8.
Bc4 Nc6 9. Qd2 Bd7 10. O-O-O Rc8 11. Bb3 Ne5 12. g4 b5 13. h4 b4 14. Nd5
Nxd5 15. Bxd5 e6 16. Bb3 a5 17. a4 bxa3 18. bxa3 Nc4 19. Bxc4 Rxc4 20. h5
Ba4 21. Qd3 Bxd4 22. Qxc4 Bxe3+ 23. Kb1 Qf6 {White forfeits on time} 0-1

[Event "ICC tourney 2128 (3 2)"]
[Site "Internet Chess Club"]
[Date "2020.11.13"]
[Round "3"]
[White "Mozart1"]
[Black "stephenwilly"]
[Result "1-0"]
[ICCResult "Black resigns"]
[WhiteElo "1718"]
[BlackElo "1533"]
[Opening "Evans gambit declined"]
[ECO "C51"]
[NIC "IG.05"]
[Time "20:24:04"]
[TimeControl "180+2"]

1. e4 e5 2. Nf3 Nc6 3. Bc4 Bc5 4. b4 Bb6 5. b5 Na5 6. Nxe5 Bxf2+ 7. Kxf2
Nxc4 8. Nxc4 Qf6+ 9. Qf3 Qxa1 10. Nc3 Nf6 11. e5 d5 12. exf6 dxc4 13. Re1+
Be6 14. Ba3 Qxe1+ 15. Kxe1 O-O-O 16. fxg7 Rhe8 17. Ne2 c3 18. d3 Bxa2 19.
Bf8 f6 20. Qg4+ Kb8 21. Kf2 Bg8 22. Nxc3 a5 23. bxa6 bxa6 24. Ne4 Rxf8 25.
gxf8=Q Rxf8 26. Nc5 Ka7 27. Qa4 Kb6 28. Qxa6+ Kxc5 29. Qa3+ Kd5 30. Qxf8 Be6
31. Qxf6 {Black resigns} 1-0

[Event "ICC tourney 2128 (3 2)"]
[Site "Internet Chess Club"]
[Date "2020.11.13"]
[Round "3"]
[White "VincentT2008"]
[Black "jpbaligad"]
[Result "1-0"]
[ICCResult "Black resigns"]
[WhiteElo "1246"]
[BlackElo "1270"]
[Opening "QGD Slav: exchange variation, 6.Bf4 Bf5"]
[ECO "D14"]
[NIC "SL.01"]
[Time "20:23:30"]
[TimeControl "180+2"]

1. d4 d5 2. c4 c6 3. Nc3 Nf6 4. cxd5 cxd5 5. Nf3 Bf5 6. Bf4 Nc6 7. e3 e6 8.
Be2 Bd6 9. Bxd6 Qxd6 10. O-O a6 11. Rc1 O-O 12. a3 b5 13. b4 Rfc8 14. Nd2
Qd7 15. Nb3 Qe7 16. Nc5 Nb8 17. Qb3 Nbd7 18. Rfd1 Nb6 19. f3 Nc4 20. e4 Bg6
21. Bxc4 dxc4 22. Qb2 Nd7 23. Qe2 Nb6 24. Qf2 Rd8 25. d5 exd5 26. exd5 Rd6
27. Re1 Qd8 28. Nb7 Qd7 29. Nxd6 Qxd6 30. Rcd1 Rd8 31. Qc5 Nc8 32. Ne4 Bxe4
33. fxe4 f6 34. e5 fxe5 35. Qxd6 Rxd6 36. Rxe5 Nb6 37. Rf1 h6 38. Re6 Nc8
39. Re8+ Kh7 40. Rxc8 Rxd5 41. h3 Rd3 42. Rf3 Rd1+ 43. Kh2 Rc1 44. Rc7 c3
45. Rfxc3 Ra1 46. Ra7 a5 47. Rxa5 Rxa3 48. Rcxa3 {Black resigns} 1-0

[Event "ICC tourney 2128 (3 2)"]
[Site "Internet Chess Club"]
[Date "2020.11.13"]
[Round "3"]
[White "Adityaki05"]
[Black "ROWLAND"]
[Result "0-1"]
[ICCResult "White forfeits on time"]
[WhiteElo "1321"]
[BlackElo "1458"]
[Opening "Benko's opening"]
[ECO "A00"]
[NIC "VO.09"]
[Time "20:24:04"]
[TimeControl "180+2"]

1. g3 d5 2. Bg2 Nf6 3. e3 g6 4. Ne2 Bg7 5. d4 c6 6. O-O O-O 7. c4 dxc4 8.
Na3 b5 9. Nxb5 Bb7 10. Nbc3 Qc8 11. e4 c5 12. d5 Nbd7 13. Bg5 Ne5 14. Bxf6
Bxf6 15. f4 Ng4 16. Qd2 Qd8 17. h3 Nh6 18. g4 Bxc3 19. Nxc3 f5 20. g5 Nf7
21. e5 Qa5 22. d6 Bxg2 23. Kxg2 exd6 24. exd6 Rad8 25. Rfd1 Rxd6 26. Qf2
Rfd8 27. Rxd6 Rxd6 28. Re1 Rd4 {White forfeits on time} 0-1

[Event "ICC tourney 2128 (3 2)"]
[Site "Internet Chess Club"]
[Date "2020.11.13"]
[Round "3"]
[White "ChessStar22"]
[Black "lucachesschess"]
[Result "0-1"]
[ICCResult "White forfeits on time"]
[WhiteElo "1275"]
[BlackElo "1433"]
[Opening "King's Indian: Smyslov system"]
[ECO "E61"]
[NIC "KI.80"]
[Time "20:23:09"]
[TimeControl "180+2"]

1. d4 Nf6 2. c4 g6 3. Nc3 Bg7 4. Bg5 d6 5. Nf3 O-O 6. e3 Nbd7 7. Bd3 Re8 8.
O-O e5 9. dxe5 dxe5 10. e4 h6 11. Bxf6 Nxf6 12. Qc2 Qe7 13. b3 Nd7 14. h3
Nc5 15. Rad1 Nxd3 16. Rxd3 f5 17. Rdd1 fxe4 18. Nxe4 Bf5 19. Rfe1 Rad8 20.
Qc1 Qe6 21. Ng3 e4 22. Nxf5 gxf5 23. Rxd8 Rxd8 24. Qf4 Qf6 25. Nh4 Rd4 26.
g3 e3 27. Qxf5 exf2+ 28. Kxf2 Rd2+ 29. Kf1 Qxf5+ 30. Nxf5 Bf6 31. Nxh6+ Kg7
32. Ng4 Rxa2 33. Nxf6 Kxf6 34. Re2 Ra3 35. Rb2 Kf5 36. Kf2 c6 37. h4 Kg4
{White forfeits on time}
0-1

[Event "ICC tourney 2128 (3 2)"]
[Site "Internet Chess Club"]
[Date "2020.11.13"]
[Round "3"]
[White "SBomm18"]
[Black "PearsonH"]
[Result "1-0"]
[ICCResult "Black resigns"]
[WhiteElo "1823"]
[BlackElo "1407"]
[Opening "French: Chigorin variation"]
[ECO "C00"]
[NIC "FR.01"]
[Time "20:23:29"]
[TimeControl "180+2"]

1. e4 e6 2. Qe2 d5 3. exd5 Qxd5 4. Nf3 Nf6 5. g3 c5 6. Bg2 Qd8 7. O-O Nc6 8.
c3 Bd6 9. Rd1 O-O 10. d3 Qe7 11. Bg5 h6 12. Bxf6 Qxf6 13. Nbd2 Qe7 14. Rac1
b6 15. Ne5 Nxe5 16. Bxa8 Ba6 17. Be4 f5 18. f4 fxe4 19. fxe5 exd3 20. Qe3
Bc7 21. c4 Rf5 22. Nf3 Qf7 23. Rf1 Bb7 24. Qxd3 Rxf3 25. Rxf3 Qxf3 26. Qxf3
Bxf3 27. Kf2 Bc6 28. Re1 Kf7 29. Re3 Kg6 30. h3 Kf5 31. Rd3 Kxe5 32. b3 Be4
33. Rd1 Bc6 34. Ke3 Kf5 35. g4+ Kg5 36. Rf1 Kg6 37. h4 h5 38. gxh5+ Kxh5 39.
Rf8 Kxh4 40. Rc8 g5 41. Rxc7 Bg2 42. Rxa7 Kg3 43. Ra6 g4 44. Rxb6 Bh3 45.
Rxe6 Kg2 46. Re5 g3 47. Rxc5 Kh1 48. Rg5 g2 49. a4 g1=Q+ 50. Rxg1+ Kxg1 51.
b4 Bf1 52. c5 Ba6 53. c6 Bc8 54. b5 Be6 55. b6 {Black resigns} 1-0

[Event "ICC tourney 2128 (3 2)"]
[Site "Internet Chess Club"]
[Date "2020.11.13"]
[Round "3"]
[White "bopala"]
[Black "chessfidebullet"]
[Result "1-0"]
[ICCResult "Black checkmated"]
[WhiteElo "1420"]
[BlackElo "1153"]
[Opening "QGD Slav: exchange variation, 6.Bf4 Bf5"]
[ECO "D14"]
[NIC "SL.01"]
[Time "20:23:13"]
[TimeControl "180+2"]

1. d4 c6 2. c4 d5 3. cxd5 cxd5 4. Nc3 Nc6 5. Nf3 Nf6 6. Bf4 Bf5 7. e3 e6 8.
Bb5 Bd6 9. Ne5 Bxe5 10. Bxe5 O-O 11. Bg3 Nb4 12. Rc1 Qe7 13. O-O Nd7 14. a3
a6 15. Bxd7 Nd3 16. Bxe6 fxe6 17. Ra1 Nxb2 18. Qb3 Nc4 19. Rfd1 Qf6 20. e4
Na5 21. Qa4 Nc6 22. exf5 Qxf5 23. Rac1 b5 24. Qc2 Qxc2 25. Rxc2 Nxd4 26.
Rxd4 Rad8 27. Ne2 Rf7 28. h3 Rb7 29. Nf4 Rb6 30. Re2 Re8 31. Nxd5 Rd6 32.
Ne7+ Rxe7 33. Rxd6 Kf7 34. Rxa6 Kf6 35. Rb6 Kf5 36. Rxb5+ e5 37. Rexe5+ Kf6
38. Rxe7 Kxe7 39. a4 Kd7 40. a5 Kc6 41. Rb6+ Kd7 42. a6 Ke7 43. a7 g5 44.
a8=Q h5 45. Qe4+ Kf7 46. Qg6+ Kf8 47. Bd6# {Black checkmated} 1-0

[Event "ICC tourney 2128 (3 2)"]
[Site "Internet Chess Club"]
[Date "2020.11.13"]
[Round "3"]
[White "A4-H5"]
[Black "smashattack"]
[Result "1-0"]
[ICCResult "Black resigns"]
[WhiteElo "1885"]
[BlackElo "1464"]
[Opening "Bird's opening"]
[ECO "A02"]
[NIC "VO.07"]
[Time "20:23:11"]
[TimeControl "180+2"]

1. f4 Nh6 2. Nf3 Nc6 3. b3 d5 4. e3 Bf5 5. Bb2 e6 6. Bb5 Be4 7. O-O a6 8.
Bxc6+ bxc6 9. d3 Bxf3 10. Qxf3 Nf5 11. Nd2 Bc5 12. Rae1 O-O 13. g4 Nh6 14.
Qg3 f5 15. h3 d4 16. e4 Be7 17. g5 Nf7 18. h4 Nd6 19. e5 Nb5 20. a4 Nc3 21.
Nc4 Bc5 22. Qf3 Qd5 23. Kg2 Rad8 24. h5 g6 25. hxg6 hxg6 26. Rh1 Kg7 27. Rh6
Rh8 28. Qxd5 Nxd5 29. Rxh8 Rxh8 30. Bc1 Rh4 31. Kg3 Rg4+ 32. Kf3 Rh4 33. Kg3
Rg4+ 34. Kf3 Rh4 35. Rg1 Rh2 36. Rg2 Rh1 37. Bd2 Rh4 38. Na5 Rh3+ 39. Rg3
Rxg3+ 40. Kxg3 Bb4 41. Bxb4 Nxb4 42. Kf3 Nxc2 43. Nxc6 Na1 44. b4 Nb3 45.
Nb8 Nc1 46. Nxa6 Nxd3 47. a5 Nb2 48. b5 Nc4 49. Nxc7 Nxa5 50. Nxe6+ Kf7 51.
Nxd4 Ke7 52. Ke3 Nc4+ 53. Kd3 Nb6 54. Kc3 Nd5+ 55. Kc4 Nxf4 56. b6 Kd7 57.
e6+ Ke7 58. b7 {Black resigns} 1-0

[Event "ICC tourney 2128 (3 2)"]
[Site "Internet Chess Club"]
[Date "2020.11.13"]
[Round "3"]
[White "Jeffchess"]
[Black "ritterfork"]
[Result "0-1"]
[ICCResult "White checkmated"]
[WhiteElo "1366"]
[BlackElo "1489"]
[Opening "Sicilian: closed, 2...Nc6"]
[ECO "B23"]
[NIC "SI.44"]
[Time "20:23:23"]
[TimeControl "180+2"]

1. e4 c5 2. Nc3 Nc6 3. Bb5 Nd4 4. Bc4 g6 5. Nge2 Bg7 6. O-O e6 7. f4 Ne7 8.
d3 a6 9. a3 b5 10. Ba2 O-O 11. Re1 Bb7 12. Nxd4 cxd4 13. Ne2 d5 14. e5 Rc8
15. Nxd4 Qb6 16. Be3 Qc7 17. Qe2 Nc6 18. Nxc6 Qxc6 19. Rac1 Rfd8 20. d4 Qd7
21. c3 Rc7 22. h3 Rdc8 23. g4 a5 24. b4 axb4 25. cxb4 Rc4 26. Bxc4 dxc4 27.
g5 Qd5 28. Qh2 c3 29. Re2 Qb3 30. Rec2 Qxa3 31. Qe2 Qxb4 32. Qd3 Bd5 33.
Rxc3 Bc4 34. Qb1 Qa5 35. Qb2 Bf8 36. Bd2 Qa7 37. Be3 Qa5 38. Rb1 b4 39. Rcc1
b3 40. Bd2 Qb5 41. Rc3 Bb4 42. Rbc1 Qd5 43. Rg3 Bxd2 44. Qxd2 Rd8 45. Rd1
Bb5 46. Qb2 Bc6 47. Rg2 Qf3 48. Rh2 Qxf4 49. Qf2 Qxg5+ 50. Kf1 Bb5+ 51. Ke1
Qh5 52. Rb1 Bc4 53. Qe3 Qh4+ 54. Kd2 Rxd4+ 55. Kc3 Rd3+ 56. Qxd3 Bxd3 57.
Kxd3 Qf4 58. Rhb2 Qf5+ 59. Kc4 Qxe5 60. Rxb3 Qd5+ 61. Kb4 Kg7 62. Ka4 Qd4+
63. Rb4 Qd7+ 64. Rb5 e5 65. h4 Qg4+ 66. R1b4 Qe2 67. Ka5 h6 68. Rb2 Qe1+ 69.
Ka6 g5 70. hxg5 hxg5 71. Rb7 g4 72. Ka7 g3 73. Kb8 Qf1 74. Rb1 Qf2 75. R1b2
Qf3 76. R7b3 Qf4 77. Rb4 e4+ 78. Ka7 Qf3 79. R4b3 e3 80. Ka6 g2 81. Ka5 g1=Q
82. Ka4 Qa1+ 83. Kb4 Qb7+ 84. Kc3 Qc1+ 85. Kd4 Qd7+ 86. Ke4 e2 87. Kf3 e1=Q
88. Rg2+ Kf8 89. Rb8+ Qcc8 90. Rxc8+ Qxc8 91. Re2 Qf5+ 92. Ke3 Qe5+ 93. Kd3
Q1xe2# {White checkmated} 0-1

[Event "ICC tourney 2128 (3 2)"]
[Site "Internet Chess Club"]
[Date "2020.11.13"]
[Round "4"]
[White "ranu540"]
[Black "ChessStar22"]
[Result "0-1"]
[ICCResult "White checkmated"]
[WhiteElo "1276"]
[BlackElo "1323"]
[Opening "Caro-Kann defense"]
[ECO "B10"]
[NIC "CK.01"]
[Time "20:35:23"]
[TimeControl "180+2"]

1. e4 c6 2. Nf3 d5 3. exd5 cxd5 4. d4 Nc6 5. Nc3 Nf6 6. Bb5 a6 7. Ba4 b5 8.
Bb3 Bg4 9. h3 Bxf3 10. Qxf3 Nxd4 11. Qe3 Nxb3 12. axb3 e6 13. O-O d4 14. Qe5
dxc3 15. bxc3 Bd6 16. Qd4 Be7 17. Bf4 Qxd4 18. cxd4 O-O 19. Be5 Rac8 20. Ra2
Rc6 21. Rfa1 Ra8 22. c4 bxc4 23. bxc4 Nd7 24. c5 Nxe5 25. dxe5 Bxc5 26. Rc2
Rc7 27. Rac1 Rac8 28. Kf1 Bb6 29. Rxc7 Rxc7 30. Rxc7 Bxc7 31. f4 a5 32. Ke2
a4 33. Kd2 Bb6 34. Kc3 Bc5 35. Kb2 a3+ 36. Ka2 f6 37. exf6 gxf6 38. g4 e5
39. fxe5 fxe5 40. Kb3 e4 41. Kc3 a2 42. Kb2 e3 43. Kxa2 e2 44. Kb2 e1=Q 45.
Kb3 Qb4+ 46. Kc2 Bd4 47. Kd3 Qc3+ 48. Ke4 Bf6 49. Kd5 Qd4+ 50. Kc6 Kf8 51.
Kb5 Qc3 52. Kb6 Qc4 53. Kb7 Qc5 54. Kb8 Qc6 55. Ka7 Qb5 56. Ka8 Ke7 57. Ka7
Kd7 58. Ka8 Kc7 59. Ka7 Bd4+ 60. Ka8 Qa6# {White checkmated} 0-1

[Event "ICC tourney 2128 (3 2)"]
[Site "Internet Chess Club"]
[Date "2020.11.13"]
[Round "4"]
[White "yogokings12"]
[Black "jpbaligad"]
[Result "1-0"]
[ICCResult "Black resigns"]
[WhiteElo "1538"]
[BlackElo "1248"]
[Opening "Sicilian: Najdorf, 6.Bg5"]
[ECO "B94"]
[NIC "SI.04"]
[Time "20:35:22"]
[TimeControl "180+2"]

1. e4 c5 2. Nf3 d6 3. d4 cxd4 4. Nxd4 Nf6 5. Nc3 a6 6. Bg5 e5 7. Bxf6 Qxf6
8. Nd5 Qd8 9. Nf5 g6 10. Nfe3 Be6 11. Bc4 Nd7 12. Bb3 Rc8 13. O-O Nc5 14. c3
Nxe4 15. Qf3 Nc5 16. Nf6+ Ke7 17. Ned5+ Bxd5 18. Nxd5+ Kd7 19. Qxf7+ Kc6 20.
Ne3 Qe7 21. Qd5+ Kc7 22. Rad1 Kb8 23. Nc4 Rd8 24. Nxe5 Nxb3 25. axb3 Bg7 26.
Nf7 Rhf8 27. Nxd8 Rxd8 28. Rfe1 Qc7 29. Qe6 Be5 30. g3 g5 31. Qd5 h5 32.
Rxe5 {Black resigns} 1-0

[Event "ICC tourney 2128 (3 2)"]
[Site "Internet Chess Club"]
[Date "2020.11.13"]
[Round "4"]
[White "pari538"]
[Black "Kinawa"]
[Result "0-1"]
[ICCResult "White checkmated"]
[WhiteElo "1165"]
[BlackElo "1426"]
[Opening "Caro-Kann: exchange variation"]
[ECO "B13"]
[NIC "CK.02"]
[Time "20:35:23"]
[TimeControl "180+2"]

1. e4 c6 2. d4 d5 3. exd5 cxd5 4. Bb5+ Nc6 5. Nf3 Bg4 6. O-O Nf6 7. Nc3 e6
8. Bg5 Be7 9. Re1 O-O 10. Be2 Qb6 11. Rb1 Bxf3 12. Bxf3 Qxd4 13. Qxd4 Nxd4
14. Rbc1 Nxf3+ 15. gxf3 Rad8 16. Be3 d4 17. Ne4 dxe3 18. Nxf6+ Bxf6 19. fxe3
Bxb2 20. Rcd1 Bc3 21. Rxd8 Rxd8 22. Rb1 b6 23. Rb3 Bd2 24. Rd3 Rxd3 25. cxd3
Bxe3+ 26. Kf1 Kf8 27. Ke2 Bc5 28. Kd2 Ke7 29. Kc3 Kd6 30. Kc4 a6 31. d4 Ba3
32. h3 e5 33. dxe5+ Kxe5 34. Kd3 Kf4 35. Ke2 b5 36. Kf2 b4 37. Ke2 a5 38.
Kf2 a4 39. Ke2 b3 40. axb3 axb3 41. Kd3 b2 42. Kc2 Kxf3 43. Kb1 Kg3 44. Ka2
f5 45. Kb1 f4 46. h4 f3 47. h5 f2 48. h6 f1=Q+ 49. Ka2 Qa1+ 50. Kb3 b1=R+
51. Kc4 Rb4+ 52. Kd5 Qd1+ 53. Ke6 Re4+ 54. Kf7 Qd7+ 55. Kg8 Re8+ 56. Kxh7
g5+ 57. Kg6 Rg8+ 58. Kf6 Bb2# {White checkmated} 0-1

[Event "ICC tourney 2128 (3 2)"]
[Site "Internet Chess Club"]
[Date "2020.11.13"]
[Round "4"]
[White "PearsonH"]
[Black "stephenwilly"]
[Result "1-0"]
[ICCResult "Black forfeits on time"]
[WhiteElo "1429"]
[BlackElo "1511"]
[Opening "Queen's pawn"]
[ECO "A40"]
[NIC "QO.17"]
[Time "20:35:25"]
[TimeControl "180+2"]

1. d4 e6 2. Bf4 c5 3. e3 h5 4. c3 g5 5. Be5 f6 6. Bxb8 Rxb8 7. Be2 g4 8. h3
f5 9. hxg4 fxg4 10. Bxg4 Nf6 11. Be2 cxd4 12. exd4 b6 13. Bxh5+ Nxh5 14.
Rxh5 Rg8 15. g3 Bd6 16. Nd2 Ba6 17. Rh7 Qg5 18. Ne4 Qd5 19. Nf6+ Kd8 20.
Nxd5 exd5 21. Qa4 Re8+ 22. Kd2 Bc8 23. Nf3 Be7 24. Ne5 a6 25. Qb3 Kc7 26.
Re1 Rf8 27. Rxe7 Rxf2+ 28. Re2 Rxe2+ 29. Kxe2 Kd6 30. Rh7 Rb7 31. Rh6+ Ke7
32. Qxd5 {Black forfeits on time} 1-0

[Event "ICC tourney 2128 (3 2)"]
[Site "Internet Chess Club"]
[Date "2020.11.13"]
[Round "4"]
[White "smashattack"]
[Black "moneymo"]
[Result "0-1"]
[ICCResult "White resigns"]
[WhiteElo "1452"]
[BlackElo "1629"]
[Opening "Old Benoni defense"]
[ECO "A44"]
[NIC "OI.09"]
[Time "20:35:21"]
[TimeControl "180+2"]

1. d4 c5 2. d5 e5 3. c4 d6 4. Nc3 Na6 5. e4 Be7 6. Nf3 g5 7. h3 h5 8. Be2 f5
9. exf5 Bxf5 10. Bd3 Nh6 11. Nxg5 Bxg5 12. Qxh5+ Nf7 13. Bxg5 Rxh5 14. Bxd8
Rxd8 15. Bxf5 Rxf5 16. a3 Nc7 17. h4 Ke7 18. g4 Rf4 19. g5 Rxc4 20. O-O-O
Nb5 21. Kc2 Nxc3 22. bxc3 Rf4 23. Rh2 b5 24. Rg1 Rg8 25. Kb3 a5 26. Rg3 b4
27. axb4 axb4 28. c4 Ra8 29. h5 Ra3+ 30. Kb2 Rxg3 31. fxg3 Rxc4 32. h6 Rg4
33. h7 Nh8 34. Rh5 Rxg3 35. Rh6 Rxg5 36. Re6+ Kd7 37. Rh6 c4 38. Rh4 Rg2+
39. Kc1 b3 40. Rxc4 Rc2+ 41. Rxc2 bxc2 42. Kxc2 Ke7 43. Kd3 Kf7 44. Ke4 Kg7
45. Kf5 Kxh7 46. Ke6 e4 47. Kxd6 e3 48. Kc7 e2 49. d6 e1=Q 50. d7 Nf7
{White resigns}
0-1

[Event "ICC tourney 2128 (3 2)"]
[Site "Internet Chess Club"]
[Date "2020.11.13"]
[Round "4"]
[White "VincentT2008"]
[Black "SBomm18"]
[Result "1-0"]
[ICCResult "Black checkmated"]
[WhiteElo "1277"]
[BlackElo "1792"]
[Opening "King's Indian: Sämisch, orthodox, 7.d5"]
[ECO "E87"]
[NIC "KI.41"]
[Time "20:35:35"]
[TimeControl "180+2"]

1. d4 Nf6 2. c4 g6 3. Nc3 Bg7 4. e4 d6 5. f3 O-O 6. Be3 e5 7. d5 h6 8. Qd2
Kh7 9. Nge2 Nbd7 10. g4 Nc5 11. Ng3 Qe7 12. h4 c6 13. Be2 cxd5 14. cxd5 Bd7
15. g5 Nh5 16. Nxh5 gxh5 17. gxh6 Bf6 18. Bg5 Rg8 19. Rg1 Bxg5 20. hxg5 f6
21. g6+ Rxg6 22. Rxg6 Kxg6 23. O-O-O Rg8 24. f4 Kh7 25. Bxh5 b5 26. b4 Na4
27. Nxa4 bxa4 28. f5 Bb5 29. Bg6+ Kh8 30. a3 Rc8+ 31. Kb2 Qc7 32. Rc1 Qb7
33. Rxc8+ Qxc8 34. Qc3 Bc4 35. Qc2 Qa6 36. Bf7 Be2 37. Qc7 Qb6 38. Qc8+ Kh7
39. Qg8+ Kxh6 40. Qg6# {Black checkmated} 1-0

[Event "ICC tourney 2128 (3 2)"]
[Site "Internet Chess Club"]
[Date "2020.11.13"]
[Round "4"]
[White "Jeffchess"]
[Black "Adityaki05"]
[Result "1-0"]
[ICCResult "Black forfeits on time"]
[WhiteElo "1369"]
[BlackElo "1262"]
[Opening "Robatsch (modern) defense"]
[ECO "B06"]
[NIC "KF.05"]
[Time "20:35:21"]
[TimeControl "180+2"]

1. e4 g6 2. d4 Bg7 3. Nf3 e6 4. Nc3 Ne7 5. e5 d5 6. exd6 cxd6 7. Bg5 O-O 8.
Bxe7 Qxe7 9. Bd3 e5 10. dxe5 dxe5 11. O-O Qb4 12. Nd5 Qc5 13. b4 Qxd5 14.
Re1 e4 15. Bxe4 Qxd1 16. Raxd1 Nc6 17. Ng5 Be6 18. Nxe6 fxe6 19. Bxc6 bxc6
20. Rxe6 Rf6 21. Re7 Rf7 22. Re6 Rc8 23. Rde1 c5 24. b5 c4 25. h3 Rcf8 26.
f3 Rf6 27. Re7 R6f7 28. R7e6 c3 29. Rc6 Rd8 30. a4 Rd2 31. Re8+ Rf8 32.
Rxf8+ Bxf8 33. Rxc3 Rd4 34. Rc8 Rxa4 35. c4 Kg7 36. c5 Kh6 37. Rxf8 Ra5 38.
Rb8 a6 39. c6 Ra1+ 40. Kf2 Rc1 41. bxa6 Rxc6 42. a7 Ra6 43. a8=N Ra2+ 44.
Ke3 Ra3+ 45. Kf4 Ra4+ 46. Kg3 Ra5 47. Nb6 Rg5+ 48. Kh2 Rb5 49. g4 Rb3 50.
Kg3 {Black forfeits on time} 1-0

[Event "ICC tourney 2128 (3 2)"]
[Site "Internet Chess Club"]
[Date "2020.11.13"]
[Round "4"]
[White "Mozart1"]
[Black "bopala"]
[Result "1-0"]
[ICCResult "Black forfeits on time"]
[WhiteElo "1719"]
[BlackElo "1403"]
[Opening "Caro-Kann: classical variation"]
[ECO "B18"]
[NIC "CK.10"]
[Time "20:35:35"]
[TimeControl "180+2"]

1. e4 c6 2. d4 d5 3. Nc3 dxe4 4. Nxe4 Bf5 5. Ng3 Bg6 6. Nf3 Nf6 7. Ne5 e6 8.
h4 Nbd7 9. Nxg6 hxg6 10. Bg5 Be7 11. c3 c5 12. Be2 O-O 13. h5 gxh5 14. Nxh5
Nxh5 15. Bxe7 Qxe7 16. Rxh5 g6 17. Rh1 Qf6 18. Qd3 cxd4 19. cxd4 e5 20. Qh3
Qg7 21. Qxd7 exd4 22. Rd1 Rad8 23. Qh3 Rfe8 24. Qd3 Qe5 25. Rd2 Re7 26. Qh3
Qg7 27. Kd1 Ree8 28. Bd3 f5 29. Kc1 Rc8+ 30. Kb1 Kf7 31. Qf3 Qe5 32. Qxb7+
Kf8 33. Re2 Qf6 34. Qb4+ Kg7 35. Qb7+ Kf8 36. Rhe1 Rxe2 37. Qxc8+ Kg7 38.
Rxe2 Qh4 39. Qc7+ Kh6 40. Kc2 {Black forfeits on time} 1-0

[Event "ICC tourney 2128 (3 2)"]
[Site "Internet Chess Club"]
[Date "2020.11.13"]
[Round "4"]
[White "Tombstone"]
[Black "A4-H5"]
[Result "1-0"]
[ICCResult "Black forfeits on time"]
[WhiteElo "1728"]
[BlackElo "1861"]
[Opening "King's Indian, 3.Nf3"]
[ECO "E60"]
[NIC "KI.80"]
[Time "20:35:22"]
[TimeControl "180+2"]

1. d4 Nf6 2. c4 g6 3. Nf3 Bg7 4. g3 d5 5. cxd5 Qxd5 6. Bg2 Qh5 7. O-O Bh3 8.
Qb3 O-O 9. Qxb7 Nbd7 10. Ng5 Bxg2 11. Qxg2 Qxe2 12. Nc3 Qc4 13. Nf3 Rab8 14.
Re1 e6 15. Qf1 Nb6 16. Qxc4 Nxc4 17. b3 Nd6 18. Bb2 Nf5 19. Na4 Nd7 20. Rac1
Rfc8 21. Rc2 Nb6 22. Nc5 Nd5 23. Nd3 a5 24. Rec1 Ra8 25. a4 Rab8 26. Nc5 Nb4
27. Rc4 Na2 28. Ra1 Nb4 29. Rd1 c6 30. Ba3 h6 31. Bxb4 axb4 32. Na6 Rb6 33.
Nxb4 Nd6 34. a5 Nxc4 35. axb6 Nxb6 36. Rc1 Bf8 37. Nxc6 Kg7 38. Rc2 Nd5 39.
Kg2 Rc7 40. Rc4 Bd6 41. Nce5 Rb7 42. Nd2 Ra7 43. Nc6 Ra2 44. Ne4 Ne3+ 45.
Kf3 Nxc4 46. bxc4 Bf8 47. Ne5 Ra3+ 48. Ke2 f5 49. Nd2 Bd6 50. Nd3 Ra2 51. c5
Bc7 52. Ke3 Kf6 53. f4 g5 54. Nb4 Ra3+ 55. Nd3 Ba5 56. Nc4 Ra4 57. Ndb2 Rb4
58. Nxa5 Rxb2 59. c6 Ke7 60. Nc4 Rb8 61. Ne5 Rb3+ 62. Kd2 gxf4 63. gxf4 h5
64. c7 Rb2+ 65. Kc1 Rxh2 66. c8=Q Rh1+ 67. Kd2 Rh2+ 68. Ke1 Rh1+ 69. Kf2
Rh2+ 70. Kg1 {Black forfeits on time} 1-0

[Event "ICC tourney 2128 (3 2)"]
[Site "Internet Chess Club"]
[Date "2020.11.13"]
[Round "4"]
[White "ritterfork"]
[Black "chessfidebullet"]
[Result "1/2-1/2"]
[ICCResult "Game drawn by repetition"]
[WhiteElo "1433"]
[BlackElo "1156"]
[Opening "Philidor's defense"]
[ECO "C41"]
[NIC "KP.08"]
[Time "20:35:30"]
[TimeControl "180+2"]

1. e4 e5 2. Nf3 d6 3. d4 Bg4 4. dxe5 Qe7 5. exd6 Qxe4+ 6. Be2 Bxd6 7. Nc3
Qg6 8. Be3 Nf6 9. O-O Nc6 10. Nb5 O-O-O 11. Nxa7+ Nxa7 12. Bxa7 Bxh2+ 13.
Kxh2 Rxd1 14. Raxd1 Bxf3 15. Bxf3 Ng4+ 16. Bxg4+ Qxg4 17. Be3 h5 18. f3 Qh4+
19. Kg1 Qe7 20. Rfe1 Qf6 21. Bd4 Qc6 22. c3 b5 23. Re5 Rd8 24. Rxh5 b4 25.
Ra5 Rd5 26. Rxd5 Qxd5 27. cxb4 Qxa2 28. Bxg7 Qb3 29. Re1 Qxb4 30. Bc3 Qc5+
31. Kh1 Qf2 32. Kh2 f5 33. Re5 f4 34. Re4 Qh4+ 35. Kg1 Qg3 36. Be5 Qg8 37.
Rxf4 Qd5 38. Bc3 Qd1+ 39. Kh2 Qd6 40. Kg3 Qg6+ 41. Rg4 Qd6+ 42. Kf2 Qc5+ 43.
Rd4 Qc6 44. Kg1 Kb7 45. Rb4+ Ka6 46. Rg4 Qb6+ 47. Kh1 Qh6+ 48. Kg1 Qc1+ 49.
Kh2 Qc2 50. Rh4 Qg6 51. Rg4 Qd6+ 52. Kg1 Qc5+ 53. Kh2 Qd6+ 54. Kg1 Qb6+ 55.
Kh2 Qd6+ 56. Kg1 {Game drawn by repetition} 1/2-1/2

[Event "ICC tourney 2128 (3 2)"]
[Site "Internet Chess Club"]
[Date "2020.11.13"]
[Round "4"]
[White "ROWLAND"]
[Black "lucachesschess"]
[Result "0-1"]
[ICCResult "White forfeits on time"]
[WhiteElo "1441"]
[BlackElo "1450"]
[Opening "Sicilian: Richter-Rauzer, 6...e6"]
[ECO "B62"]
[NIC "SI.27"]
[Time "20:36:14"]
[TimeControl "180+2"]

1. e4 c5 2. Nf3 Nc6 3. d4 cxd4 4. Nxd4 Nf6 5. Nc3 d6 6. Bg5 e6 7. f4 Be7 8.
Nf3 O-O 9. Qd2 d5 10. e5 Ne4 11. Nxe4 dxe4 12. Qxd8 Rxd8 13. Bxe7 Nxe7 14.
Nd2 e3 15. Ne4 Nd5 16. O-O-O Bd7 17. g3 Bc6 18. Bg2 Nb6 19. Rhe1 Rxd1+ 20.
Kxd1 Rd8+ 21. Kc1 Nd5 22. c4 Nb4 23. Rxe3 Nd3+ 24. Kc2 Nc5 25. Nxc5 Bxg2 26.
Ne4 Rd4 27. Nd6 Bc6 28. Re1 f6 29. Kc3 fxe5 30. fxe5 Rg4 31. Rf1 Rg5 32. Kd4
Rg4+ 33. Rf4 Rg5 34. Rf7 Rg4+ 35. Kc5 Rg5 36. Kd4 Rg4+ 37. Rf4 Rg5 38. b4 b6
39. b5 Ba8 40. Rf7 Rg4+ 41. Kd3 Rg5 42. Rxa7 Bg2 43. Re7 h6 44. Re8+ Kh7 45.
Nf7 Rf5 46. Nd6 Rxe5 47. h4 Kg6 48. g4 Bf3 49. h5+ Kf6 50. Rb8 Bxg4 51. Rxb6
Bxh5 52. Kc3 g5 53. Kb4 g4 54. c5 g3 55. c6 g2 56. c7 g1=Q 57. c8=Q Qxb6 58.
Qf8+ Kg5 59. Qg7+ Kf4 {White forfeits on time} 0-1

[Event "ICC tourney 2128 (3 2)"]
[Site "Internet Chess Club"]
[Date "2020.11.13"]
[Round "5"]
[White "lucachesschess"]
[Black "Tombstone"]
[Result "0-1"]
[ICCResult "White resigns"]
[WhiteElo "1445"]
[BlackElo "1733"]
[Opening "QGD Slav defense"]
[ECO "D10"]
[NIC "SL.01"]
[Time "20:47:24"]
[TimeControl "180+2"]

1. d4 d5 2. c4 c6 3. Nc3 Nf6 4. Bf4 e6 5. Nf3 dxc4 6. e4 b5 7. a4 Bb4 8. e5
Nd5 9. Qc2 Nxf4 10. g3 Nd5 11. Bg2 Bb7 12. O-O a6 13. axb5 cxb5 14. Nxd5
Bxd5 15. Ng5 Bxg2 16. Kxg2 Qxg5 17. f4 Qd8 {White resigns} 0-1

[Event "ICC tourney 2128 (3 2)"]
[Site "Internet Chess Club"]
[Date "2020.11.13"]
[Round "5"]
[White "stephenwilly"]
[Black "ranu540"]
[Result "1-0"]
[ICCResult "Black checkmated"]
[WhiteElo "1513"]
[BlackElo "1252"]
[Opening "Sicilian: Smith-Morra gambit"]
[ECO "B21"]
[NIC "SI.48"]
[Time "20:47:26"]
[TimeControl "180+2"]

1. e4 c5 2. d4 cxd4 3. c3 dxc3 4. Nxc3 Nc6 5. Bc4 Nf6 6. Nf3 g6 7. Bg5 Bg7
8. e5 Ng8 9. O-O Nxe5 10. Nxe5 Bxe5 11. Qd5 e6 12. Qxe5 Qb6 13. Qxh8 d5 14.
Qxg8+ Kd7 15. Bb5+ Kd6 16. Qf8+ Kc7 17. Bf4+ e5 18. Bxe5+ Qd6 19. Qxd6#
{Black checkmated}
1-0